 Dungeon Crawl Stone Soup version 0.19.5 (webtiles) character file.

4619 strmesko the Markscentaur (level 10, -5/115 HPs)
             Began as a Centaur Hunter on Apr 8, 2017.
             Was an Elder of Okawaru.
             Killed from afar by a hell hound (8 damage)
             ... with a blast of flame
             ... on level 10 of the Dungeon.
             The game lasted 00:39:53 (9506 turns).

strmesko the Markscentaur (Centaur Hunter)          Turns: 9506, Time: 00:39:55

Health: -5/115     AC:  7    Str: 24    XL:     10   Next: 19%
Magic:  0/10       EV:  6    Int: 10    God:    Okawaru [****..]
Gold:   530        SH:  0    Dex: 12    Spells: 0 memorised, 9 levels left

rFire  . . .     SeeInvis .     K - +2 war axe (elec)
rCold  . . .     Gourm    .     D - +0 chain mail
rNeg   . . .     Faith    .     (no shield)
rPois  +         Spirit   +     (no helmet)
rElec  .         Reflect  .     (no cloak)
rCorr  .         Harm     .     (no gloves)
MR     .....                    (no barding)
Stlth  ..........               H - amulet of Trog's Delight {Spirit Dex+3}
                                p - ring of poison resistance
                                M - ring of stealth

@: berserking, very quick
A: hooves 3, deformed body, speed 2, tough skin 3
a: Heroism, Renounce Religion


You were on level 10 of the Dungeon.
You worshipped Okawaru.
Okawaru was greatly pleased with you.
You were not hungry.

You visited 2 branches of the dungeon, and saw 11 of its levels.

You collected 620 gold pieces.
You spent 90 gold pieces at shops.

Inventory:

Hand Weapons
 o - a +0 longbow
 K - a +2 war axe of electrocution (weapon)
Missiles
 d - 160 arrows
Armour
 D - a +0 chain mail (worn)
 P - a +0 pair of boots
 T - a +2 leather armour of fire resistance
Magical Staves
 e - an uncursed staff of air
Jewellery
 p - a ring of poison resistance (right hand)
 H - the amulet of Trog's Delight (around neck) {Spirit Dex+3}
   (You found it on level 6 of the Dungeon)

   [amulet of guardian spirit]

   It causes incoming damage to be split between your health and magic.
   It affects your dexterity (+3).
 M - a ring of stealth (left hand)
Wands
 y - a wand of digging (14/24)
 C - a wand of random effects (41/48)
 L - a wand of iceblast (5/15)
 N - a wand of iceblast (4/15)
 R - a wand of digging (15/24)
Scrolls
 b - 2 scrolls of fear {unknown}
 c - 4 scrolls of enchant weapon
 h - a scroll of holy word
 j - 3 scrolls of noise {unknown}
 l - 4 scrolls of teleportation
 m - 2 scrolls of random uselessness {unknown}
 t - a scroll of recharging {unknown}
 u - 2 scrolls of blinking {unknown}
 x - 9 scrolls of remove curse {unknown}
 B - 2 scrolls of enchant armour {unknown}
 F - 4 scrolls of magic mapping {unknown}
 G - 3 scrolls of amnesia
 O - 3 scrolls of fog {unknown}
 S - a scroll of identify
Potions
 i - 2 potions of invisibility
 k - a potion of berserk rage
 n - a potion of curing
 q - a potion of agility
 w - a potion of ambrosia
 A - 2 potions of mutation
 E - 2 potions of lignification
 J - a potion of degeneration
Books
 a - a book of Air

   Spells                             Type                      Level
   a - Shock                          Conjuration/Air              1
   b - Swiftness                      Charms/Air                   2
   c - Repel Missiles                 Charms/Air                   2
   d - Static Discharge               Conjuration/Air              3
   e - Lightning Bolt                 Conjuration/Air              5
 Q - a book of Clouds

   Spells                             Type                      Level
   a - Mephitic Cloud                 Conjuration/Poison/Air       3
   b - Conjure Flame                  Conjuration/Fire             3
   c - Poisonous Cloud                Conjuration/Poison/Air       6
   d - Freezing Cloud                 Conjuration/Ice/Air          6
   e - Ring of Flames                 Charms/Fire                  7
Comestibles
 f - 9 bread rations
 g - 6 fruits
 r - 8 beef jerkies
 s - 2 slices of pizza
 z - 4 meat rations
 I - 5 chunks of flesh


   Skills:
 + Level 3.2 Fighting
 + Level 18.1 Bows
 - Level 1.3 Dodging
 - Level 0.4 Stealth


You had 9 spell levels left.
You didn't know any spells.

Dungeon Overview and Level Annotations

Branches:
Dungeon (10/15)            Temple (1/1) D:7            Lair (0/6) D:10
    Orc (0/2) D:9

Altars:
Ashenzari
Cheibriados
Dithmenos
Elyvilon
Fedhas
Gozag
Hepliaklqana
Kikubaaqudgha
Makhleb
Nemelex Xobeh
Okawaru
Qazlal
Ru
Sif Muna
Trog
Uskayaw
Vehumet
Xom
Yredelemnul
Zin
The Shining One

Portals:
Trove: D:10 (give 3 potions of cure mutation)


Innate Abilities, Weirdness & Mutations

You have hooves in place of feet.
Armour fits poorly on your strangely shaped body.
You cover ground very quickly.
You have extremely tough skin. (AC +3)


Message History

The hell hound bites you.
* * * LOW HITPOINT WARNING * * *
The hell hound bites you but does no damage. x2
You are too injured to fight recklessly!
You are too injured to fight recklessly!
You are too injured to fight recklessly!
You hit the hell hound.
There is a sudden explosion of sparks!
Your kick misses the hell hound.
The hell hound is severely wounded.
You barely miss the hell hound. The hell hound barely misses you.
The hell hound bites you.
* * * LOW HITPOINT WARNING * * *
You miss the hell hound. Your kick misses the hell hound.
The hell hound is severely wounded.
You barely miss the hell hound. The hell hound bites you!
* * * LOW HITPOINT WARNING * * *
The hell hound bites you but does no damage. x2
The hell hound breathes flames at you. The blast of flame hits you!
You die...

# #.###.##.......... ..
#..<.......(......
...#.....####......
......^#...##......$
..............##((#
.....###....∩..#(.####..
..... ###...h..(....%..
#### #....##hh####..
#......@)......
#....#.(.#...#.
#..........####
#...#..<......#
#...#....####..
#(..#...## . ##..#...#
########....#...>...
...........#.[.#####


You could see 2 hell hounds.

Vanquished Creatures
  A troll (D:9)
  2 hippogriffs
  3 hungry ghosts (D:8)
  The ghost of spiff the Slasher, an amateur HEFi (D:3)
  An ice beast (D:8)
  3 orc warriors
  2 sky beasts
  2 phantoms
  5 ogres
  A centaur (D:8)
  A crocodile (D:8)
  4 bullfrogs
  3 scorpions
  6 killer bees
  5 howler monkeys
  A crimson imp (D:7)
  3 centaur zombies
  2 jellies
  3 orc priests
  A bullfrog skeleton (D:4)
  7 orc wizards
  4 iguanas
  8 worker ants
  A hound zombie (D:8)
  13 adders
  2 river rats (D:6)
  2 shadow imps
  2 adder skeletons
  3 worms
  A dart slug (D:1)
  6 leopard geckos
  22 orcs
  6 ball pythons
  2 giant cockroaches
  3 goblins
  7 hobgoblins
  7 jackals (D:3)
  8 kobolds
  2 quokkas
  4 bats
  5 frilled lizards
  12 rats
  A plant (D:3)
178 creatures vanquished.

Notes
Turn   | Place    | Note
-------+----------+-------------------------------------------
     0 | D:1      | strmesko the Centaur Hunter began the quest for the Orb.
     0 | D:1      | Reached XP level 1. HP: 17/17 MP: 1/1
   444 | D:1      | Reached XP level 2. HP: 20/24 MP: 2/2
   624 | D:2      | Reached skill level 6 in Bows
   752 | D:2      | Found an iron altar of Okawaru.
   757 | D:2      | Became a worshipper of Warmaster Okawaru
   874 | D:2      | Found a white marble altar of Elyvilon.
  1252 | D:2      | Reached XP level 3. HP: 26/29 MP: 3/3
  1268 | D:2      | Reached skill level 7 in Bows
  1883 | D:3      | Reached XP level 4. HP: 25/36 MP: 4/4
  2094 | D:3      | Reached skill level 8 in Bows
  2291 | D:3      | Noticed spiff's ghost (amateur HEFi)
  2350 | D:3      | Killed spiff's ghost
  2350 | D:3      | Reached skill level 9 in Bows
  2350 | D:3      | Reached XP level 5. HP: 34/41 MP: 5/5
  3071 | D:4      | Reached XP level 6. HP: 39/48 MP: 6/6
  3141 | D:4      | Reached * piety under Okawaru
  3258 | D:4      | Reached skill level 10 in Bows
  4018 | D:5      | Entered Level 5 of the Dungeon
  4173 | D:5      | Reached skill level 11 in Bows
  4173 | D:5      | Reached XP level 7. HP: 55/55 MP: 7/7
  4615 | D:6      | Reached ** piety under Okawaru
  4977 | D:6      | Got a smoking crystal amulet
  4978 | D:6      | Identified the amulet of Trog's Delight {Spirit Dex+3} (You found it on level 6 of the Dungeon)
  5140 | D:6      | Reached skill level 12 in Bows
  5829 | D:7      | Found a glowing silver altar of Zin.
  5836 | D:7      | Reached XP level 8. HP: 56/61 MP: 8/8
  5850 | D:7      | Found Zin's Purification Station.
  5867 | D:7      | Bought a potion of curing for 90 gold pieces
  5990 | D:7      | Found a hazy altar of Hepliaklqana.
  5993 | D:7      | Found a shadowy altar of Dithmenos.
  5996 | D:7      | Found an ancient bone altar of Kikubaaqudgha.
  6031 | D:7      | Reached skill level 13 in Bows
  6082 | D:7      | Found a stormy altar of Qazlal.
  6330 | D:7      | Found a staircase to the Ecumenical Temple.
  6340 | Temple   | Entered the Ecumenical Temple
  6583 | D:7      | Noticed a hippogriff
  6593 | D:7      | Killed a hippogriff
  6639 | D:7      | Reached skill level 14 in Bows
  6823 | D:8      | Reached *** piety under Okawaru
  6999 | D:8      | Found a sacrificial altar of Ru.
  7012 | D:8      | Reached skill level 15 in Bows
  7163 | D:8      | Noticed a hippogriff
  7194 | D:8      | Reached XP level 9. HP: 64/67 MP: 9/9
  7332 | D:8      | Received a gift from Okawaru
  7558 | D:8      | Reached skill level 16 in Bows
  8070 | D:8      | Received a gift from Okawaru
  8339 | D:9      | Found a staircase to the Orcish Mines.
  8365 | D:9      | Reached skill level 17 in Bows
  8376 | D:9      | Reached **** piety under Okawaru
  8400 | D:8      | HP: 3/67 [killer bee (3)]
  8702 | D:8      | Received a gift from Okawaru
  8889 | D:9      | Reached XP level 10. HP: 60/74 MP: 10/10
  9113 | D:9      | Reached skill level 18 in Bows
  9241 | D:10     | Entered Level 10 of the Dungeon
  9254 | D:10     | Found a portal to a secret trove of treasure.
  9341 | D:9      | Received a gift from Okawaru
  9482 | D:10     | Found a staircase to the Lair.
  9506 | D:10     | HP: 3/115 [hell hound (7)]
  9506 | D:10     | Killed from afar by a hell hound

Skill      XL: |  1  2  3  4  5  6  7  8  9 10 |
---------------+-------------------------------+-----
Bows           | 6 7 9 11 12 15 17 18 | 18.1
Fighting       | 3 |  3.2
Dodging        | |  1.3
Stealth        | |  0.4

Action                   |  1- 3 |  4- 6 |  7- 9 | 10-12 || total
-------------------------+-------+-------+-------+-------++-------
Melee: Short sword       |    46 |       |       |       ||    46
       Kick              |    28 |    25 |    32 |     2 ||    87
       Whip              |   123 |   111 |    67 |       ||   301
       War axe           |       |       |    55 |    10 ||    65
 Fire: Shortbow          |     1 |    49 |   114 |       ||   164
       Longbow           |       |       |   190 |    69 ||   259
  Use: Scroll            |       |       |    12 |       ||    12
       Potion            |       |       |     2 |     4 ||     6
  Eat: Chunk             |     2 |     6 |    12 |     1 ||    21
Armor: Scale mail        |    79 |    40 |       |       ||   119
       Leather armour    |     2 |       |       |       ||     2
       Chain mail        |       |       |    94 |    22 ||   116
Dodge: Dodged            |    80 |    42 |    48 |     2 ||   172
